 Dungeon Crawl Stone Soup version 0.21-a0-125-gb006224 (webtiles) character file.

24545 kuniqs the Thaumaturge (level 12, -3/59 HPs)
             Began as a Deep Elf Fire Elementalist on July 16, 2017.
             Was a High Priest of Vehumet.
             Asphyxiated
             ... on level 2 of the Lair of Beasts.
             The game lasted 00:33:39 (13701 turns).

kuniqs the Thaumaturge (DEFE)                      Turns: 13701, Time: 00:33:40

Health: -3/59      AC:  6    Str:  5    XL:     12   Next: 81%
Magic:  13/39      EV: 13    Int: 26    God:    Vehumet [*****.]
Gold:   701        SH:  0    Dex: 15    Spells: 13/36 levels left

rFire    . . .     SeeInvis .   G - staff of cold
rCold    + . .     Gourm    .   (no shield)
rNeg     . . .     Faith    .   J - +2 robe {MR+}
rPois    .         Spirit   .   C - +0 helmet
rElec    .         Reflect  .   P - scarf {cloud immunity}
rCorr    .         Harm     .   H - +0 pair of gloves
MR       +++..                  (no boots)
Stlth    +++++.....             w - amulet of magic regeneration
HPRegen  0.19/turn              k - ring of protection from magic
MPRegen  0.51/turn              D - ring of magical power

@: lethally poisoned (-3 -> -26), about to teleport, slowed, very slow
A: no striking features
a: Renounce Religion


You were on level 2 of the Lair of Beasts.
You worshipped Vehumet.
Vehumet was extremely pleased with you.
You were not hungry.

You visited 3 branches of the dungeon, and saw 14 of its levels.

You collected 804 gold pieces.
You spent 103 gold pieces at shops.

Inventory:

Missiles
 q - 117 stones (quivered)
Armour
 n - a +2 robe of cold resistance
 v - a +0 shield
 C - a +0 helmet (worn)
 H - a +0 pair of gloves (worn)
 J - a +2 robe of magic resistance (worn)
 P - a scarf of cloud immunity (worn)
Magical Staves
 G - an uncursed staff of cold (weapon)
 W - an uncursed staff of fire
Jewellery
 k - a ring of protection from magic (left hand)
 w - an amulet of magic regeneration (around neck)
 D - a ring of magical power (right hand)
 V - an uncursed ring of resist corrosion
Wands
 h - a wand of acid (7/15)
 o - a wand of enslavement (8/24)
 M - a wand of paralysis (10/24)
 R - a wand of polymorph (4/24)
 X - a wand of confusion (31/48)
Scrolls
 a - a scroll of holy word {unknown}
 g - 2 scrolls of recharging
 l - 5 scrolls of amnesia
 r - a scroll of vulnerability {unknown}
 s - a scroll of random uselessness {unknown}
 t - a scroll of enchant weapon {unknown}
 x - a scroll of blinking
 y - 7 scrolls of identify {@r1}
 E - 4 scrolls of teleportation
 F - 7 scrolls of remove curse {@r2}
 I - 2 scrolls of fog
 N - a scroll of brand weapon {unknown}
 O - a scroll of enchant armour {unknown}
 Q - a scroll of magic mapping
 S - a scroll of fear {unknown}
 T - a scroll of summoning {unknown}
Potions
 c - 3 potions of heal wounds
 i - 2 potions of flight
 m - a potion of degeneration {unknown}
 p - 5 potions of agility
 u - 7 potions of curing {@q1}
 z - a potion of cancellation {unknown}
 A - a potion of haste
 B - a potion of berserk rage {unknown}
 K - a potion of magic {unknown}
 L - a potion of brilliance {unknown}
Books
 b - a book of Flames

   Spells                             Type                      Level
   a - Flame Tongue                   Conjuration/Fire             1
   b - Throw Flame                    Conjuration/Fire             2
   c - Conjure Flame                  Conjuration/Fire             3
   d - Inner Flame                    Hexes/Fire                   3
   e - Sticky Flame                   Conjuration/Fire             4
   f - Fireball                       Conjuration/Fire             5
Comestibles
 d - 8 bread rations
 e - 5 meat rations
 f - 6 fruits
 j - 4 royal jellies
 U - 11 chunks of flesh


   Skills:
 - Level 2.4 Dodging
 + Level 12.4 Stealth
 + Level 12.9 Spellcasting
 + Level 10.6 Conjurations
 + Level 6.2 Translocations
 + Level 11.0 Fire Magic
 - Level 6.7 Earth Magic
 - Level 6.0 Evocations


You had 13 spell levels left.
You knew the following spells:

 Your Spells              Type           Power        Failure   Level  Hunger
a - Flame Tongue          Conj/Fire      #####        1%          1    None
b - Throw Flame           Conj/Fire      ######       1%          2    None
c - Stone Arrow           Conj/Erth      ######       1%          3    None
d - Fireball              Conj/Fire      ######....   1%          5    ###....
e - Conjure Flame         Conj/Fire      ######..     1%          3    None
f - Sandblast             Erth           ######       1%          1    None
g - Force Lance           Conj/Tloc      ######..     1%          4    None
h - Sticky Flame          Conj/Fire      ######..     1%          4    None


Dungeon Overview and Level Annotations

Branches:
Dungeon (11/15)            Temple (1/1) D:6            Lair (2/6) D:11
    Orc (0/2) D:10
  Swamp: Lair:2-4    Shoals: Lair:2-4     Snake: Lair:2-4    Spider: Lair:2-4

Altars:
Ashenzari
Cheibriados
Dithmenos
Elyvilon
Fedhas
Gozag
Hepliaklqana
Kikubaaqudgha
Makhleb
Nemelex Xobeh
Okawaru
Qazlal
Ru
Sif Muna
Trog
Uskayaw
Vehumet
Wu Jian
Xom
Yredelemnul
Zin
The Shining One

Shops:
D:6 [

Annotations:
Lair:2 Gorglomux's ghost, journeyman HOCK; Sonja


Message History

A wolf comes into view.
Sonja, the Graceful Assassin comes into view.
She is wielding a dagger of venom.
As you read the scroll of teleportation, it crumbles to dust.
You feel strangely unstable.
Sonja unwields an uncursed dagger of venom.
It stops dripping with poison.
Sonja wields an uncursed blowgun.
Sonja shoots a curare-tipped needle.
The curare-tipped needle hits you.
You are poisoned.
You have difficulty breathing.
* * * LOW HITPOINT WARNING * * *
You feel yourself slow down.
Gorglomux's ghost lets out a mournful wail.
Gorglomux's ghost hits you!
* * * LOW HITPOINT WARNING * * *
* * * LOW HITPOINT WARNING * * *
You feel sick.
Sonja shoots a curare-tipped needle.
The curare-tipped needle hits you.
You are more poisoned.
You have difficulty breathing.
You die...

......... .........
#.......# P. ##....#.#
..## ###..... ....#
###... .....# ## ##..
......##.# #.# .......@#
##. ........# ##
.......W## K....h...## #
..........####### ######
.h...........#..###.#.#.
...........#............
..........#######.###...
...h.....P# ### ###.


You could see Sonja, 2 wolves and Gorglomux's ghost.

Vanquished Creatures
  The ghost of Doomer the Markscentaur, a journeyman CeHu of Qazlal (Lair:2)
  2 hydras (Lair:1)
  2 two-headed ogres
  A death knight (D:11)
  Erica (Lair:2)
  Nergalle (Lair:2)
  6 skeletal warriors (D:11)
  An unseen horror (D:11)
  Joseph (D:9)
  3 gargoyles
  Psyche (D:8)
  2 spiny frogs
  A rime drake (Lair:1)
  2 komodo dragons
  2 freezing wraiths (D:11)
  3 trolls
  A hornet (D:11)
  4 blink frogs (Lair:2)
  4 hippogriffs
  A wraith (D:11)
  2 wyverns
  A spriggan (D:8)
  10 yaks
  A basilisk (Lair:1)
  3 hungry ghosts
  4 water moccasins
  Duvessa (D:7)
  2 ice beasts
  4 porcupines
  A black bear (Lair:2)
  5 sky beasts
  An eye of draining (D:11)
  2 necrophages
  3 orc warriors
  6 phantoms
  2 ogres
  8 centaurs
  3 big kobolds
  4 crocodiles
  3 gnoll sergeants (D:5)
  6 bullfrogs
  A wyvern zombie (D:9)
  Dowan (D:7)
  3 scorpions
  A wyvern skeleton (D:11)
  A troll zombie (D:10)
  3 killer bees (D:9)
  10 wights
  The ghost of namelastname112 the Conjurer, a weakling DrCj (D:3)
  2 howler monkeys
  2 crimson imps
  A centaur zombie (D:8)
  2 quasits
  4 centaur skeletons
  3 hounds
  4 jellies
  4 orc priests
  A bullfrog zombie (D:5)
  2 orc wizards (D:6)
  2 bullfrog skeletons (D:9)
  3 iguanas
  7 worker ants
  A killer bee zombie (D:7)
  5 ogre zombies (D:10)
  A hound skeleton (D:5)
  9 gnolls
  10 adders
  6 shadow imps
  An adder skeleton (D:4)
  4 worms
  3 dart slugs (D:1)
  2 leopard geckos
  22 orcs
  7 bats
  7 giant cockroaches
  8 goblins
  3 hobgoblins
  9 jackals
  6 quokkas
  7 frilled lizards
  2 goblin skeletons (D:10)
  3 goblin zombies (D:10)
  3 hobgoblin skeletons (D:10)
  3 hobgoblin zombies (D:10)
  24 kobolds
  8 orc zombies (D:10)
  A quokka zombie (D:6)
  8 rats
  A spectral orc (D:6)
334 creatures vanquished.

Notes
Turn   | Place    | Note
-------+----------+-------------------------------------------
     0 | D:1      | kuniqs the Deep Elf Fire Elementalist began the quest for the Orb.
     0 | D:1      | Reached XP level 1. HP: 10/10 MP: 6/6
   308 | D:1      | Reached XP level 2. HP: 15/15 MP: 5/8
   312 | D:1      | Learned a level 2 spell: Throw Flame
   896 | D:1      | Reached XP level 3. HP: 19/19 MP: 5/10
   901 | D:1      | Learned a level 3 spell: Conjure Flame
  1634 | D:2      | Reached XP level 4. HP: 24/24 MP: 4/12
  2063 | D:3      | Noticed namelastname112's ghost (weakling DrCj)
  2469 | D:3      | Reached XP level 5. HP: 23/28 MP: 3/13
  2794 | D:3      | Learned a level 5 spell: Fireball
  3151 | D:4      | Noticed an ogre
  3155 | D:4      | Killed an ogre
  3155 | D:4      | Reached skill level 5 in Spellcasting
  3155 | D:4      | Reached XP level 6. HP: 32/32 MP: 7/15
  3317 | D:4      | Reached skill level 5 in Stealth
  3498 | D:4      | Found an opulent altar of Gozag.
  3590 | D:4      | Reached XP level 7. HP: 36/36 MP: 8/17
  3694 | D:4      | Reached skill level 5 in Fire Magic
  4068 | D:5      | Entered Level 5 of the Dungeon
  4513 | D:5      | Reached skill level 5 in Conjurations
  4580 | D:5      | Reached XP level 8. HP: 41/41 MP: 18/20
  5261 | D:3      | Killed namelastname112's ghost
  5433 | D:6      | Found Ymoarr's Antique Armour Shoppe.
  5574 | D:6      | Bought a glowing robe for 103 gold pieces
  5909 | D:6      | Found a staircase to the Ecumenical Temple.
  5919 | Temple   | Entered the Ecumenical Temple
  6015 | Temple   | Became a worshipper of Vehumet
  6232 | D:6      | Reached XP level 9. HP: 32/45 MP: 23/23
  6299 | D:6      | Found a glowing golden altar of the Shining One.
  6614 | D:6      | Found a basalt altar of Yredelemnul.
  6787 | D:7      | Reached * piety under Vehumet
  6787 | D:7      | Offered knowledge of Shock by Vehumet.
  7250 | D:7      | Noticed Dowan
  7258 | D:7      | Noticed Duvessa
  7292 | D:7      | Killed Duvessa
  7292 | D:7      | Killed Dowan
  7359 | D:7      | Identified the Volume of Ashen Evil Secrets
  7366 | D:7      | Learned a level 3 spell: Stone Arrow
  7750 | D:7      | Reached skill level 1 in Earth Magic
  7967 | D:8      | Noticed Psyche
  7982 | D:8      | Killed Psyche
  7985 | D:8      | Noticed a troll
  8071 | D:8      | Killed a troll
  8071 | D:8      | Reached XP level 10. HP: 50/50 MP: 19/25
  8375 | D:8      | Reached skill level 1 in Evocations
  8434 | D:9      | Noticed Joseph
  8444 | D:9      | Killed Joseph
  8444 | D:9      | Reached skill level 10 in Spellcasting
  8564 | D:9      | Reached ** piety under Vehumet
  8564 | D:9      | Offered knowledge of Sandblast by Vehumet.
  8570 | D:9      | Learned a level 1 spell: Sandblast
  8825 | D:9      | Reached skill level 10 in Stealth
  9582 | D:10     | Entered Level 10 of the Dungeon
  9690 | D:10     | Offered knowledge of Ignite Poison by Vehumet.
  9795 | D:10     | Reached *** piety under Vehumet
  9841 | D:10     | Found a staircase to the Orcish Mines.
 10102 | D:10     | Noticed a gargoyle
 10119 | D:10     | Killed a gargoyle
 10119 | D:10     | Offered knowledge of Force Lance by Vehumet.
 10125 | D:10     | Learned a level 4 spell: Force Lance
 10165 | D:10     | Noticed a two-headed ogre
 10173 | D:10     | Killed a two-headed ogre
 10173 | D:10     | Reached skill level 1 in Translocations
 10191 | D:10     | Noticed a gargoyle
 10211 | D:10     | Killed a gargoyle
 10211 | D:10     | Reached XP level 11. HP: 54/54 MP: 22/28
 10877 | D:11     | Found a staircase to the Lair.
 10916 | D:11     | Noticed a two-headed ogre
 10936 | D:11     | Killed a two-headed ogre
 10936 | D:11     | Reached skill level 5 in Earth Magic
 11520 | D:11     | Reached **** piety under Vehumet
 11522 | D:11     | Noticed a skeletal warrior
 11524 | D:11     | Noticed a skeletal warrior
 11526 | D:11     | Noticed a skeletal warrior
 11530 | D:11     | Noticed a skeletal warrior
 11537 | D:11     | Killed a skeletal warrior
 11537 | D:11     | Reached skill level 5 in Evocations
 11538 | D:11     | Killed a skeletal warrior
 11539 | D:11     | Noticed a skeletal warrior
 11809 | D:10     | Learned a level 4 spell: Sticky Flame
 11828 | D:11     | Found a shadowy altar of Dithmenos.
 11832 | D:11     | Noticed an unseen horror
 11835 | D:11     | Killed an unseen horror
 12041 | D:11     | Killed a skeletal warrior
 12067 | D:11     | Offered knowledge of Iskenderun's Battlesphere by Vehumet.
 12084 | D:11     | Noticed a death knight
 12130 | D:11     | Noticed a skeletal warrior
 12150 | D:11     | Killed a death knight
 12150 | D:11     | Reached skill level 10 in Fire Magic
 12156 | D:11     | Killed a skeletal warrior
 12165 | D:11     | Reached XP level 12. HP: 59/59 MP: 0/29
 12505 | Lair:1   | Entered Level 1 of the Lair of Beasts
 12505 | Lair:1   | Noticed a seven-headed hydra
 12509 | Lair:1   | Killed a seven-headed hydra
 13125 | Lair:1   | Reached skill level 10 in Conjurations
 13125 | Lair:1   | Reached skill level 5 in Translocations
 13172 | Lair:1   | Noticed a seven-headed hydra
 13181 | Lair:1   | Killed a seven-headed hydra
 13294 | Lair:2   | Reached ***** piety under Vehumet
 13296 | Lair:2   | Offered knowledge of Lee's Rapid Deconstruction by Vehumet.
 13297 | Lair:2   | Noticed Doomer's ghost (journeyman CeHu)
 13410 | Lair:2   | Killed Doomer's ghost
 13558 | Lair:2   | Noticed Nergalle
 13563 | Lair:2   | Killed Nergalle
 13574 | Lair:2   | Noticed Erica
 13656 | Lair:2   | Killed Erica
 13666 | Lair:2   | Noticed Gorglomux's ghost (journeyman HOCK)
 13700 | Lair:2   | Noticed Sonja
 13701 | Lair:2   | Asphyxiated

Vault maps used:
D:1:      grunt_arrival_crossed_arrows, minmay_heptomino_o4
D:3:      first_bread
D:4:      hangedman_decor_points, grunt_gozag_statues
D:5:      minmay_misc_feat_hallway, sword_in_stone
D:6:      yredelemnul_forgotten_temple_becter, minmay_temple_entry_water_ring,
          serial_shops, nicolae_shop_overgrown_old_shop, tso_metal_star
D:7:      uniq_duvessa
D:8:      minmay_misc_feat_x, the_bakery, uniq_psyche
D:9:      uniq_joseph
D:10:     zombieorc1_lemuel
D:11:     lair_entry_dummy, serial_glass, glass_columns_a, glass_columns_c,
          glass_columns_a, glass_columns_c, glass_columns_c, st_stairs_12,
          grunt_dithmenos_smoke_and_mirrors
Temple:   grunt_wide_crystal_templ
Lair:1:   st_stairs_7, grunt_megastairs_2
Lair:2:   spider_nest_entry_web_field, uniq_sonja, uniq_erica, uniq_nergalle,
          uniq_urug

Skill      XL: |  1  2  3  4  5  6  7  8  9 10 11 12 |
---------------+-------------------------------------+-----
Stealth        | 3 4 5 6 7 9 10 11 12 | 12.4
Conjurations   | 2 3 4 5 6 7 8 9 10 | 10.6
Spellcasting   | 4 5 7 8 9 11 12 | 12.9
Fire Magic     | 4 5 7 8 9 10 11 | 11.0
Earth Magic    | 2 4 6 |  6.7
Evocations     | 3 5 6 |  6.0
Translocations | 1 4 6 |  6.2
Dodging        | |  2.4

Action                   |  1- 3 |  4- 6 |  7- 9 | 10-12 || total
-------------------------+-------+-------+-------+-------++-------
Melee: Staff             |       |       |       |     1 ||     1
 Cast: Flame Tongue      |    35 |    68 |    97 |    46 ||   246
       Throw Flame       |    39 |    49 |   247 |   424 ||   759
       Conjure Flame     |     1 |     7 |    18 |    40 ||    66
       Fireball          |       |       |     3 |    37 ||    40
       Stone Arrow       |       |       |     2 |    37 ||    39
       Sandblast         |       |       |       |    27 ||    27
       Sticky Flame      |       |       |       |     2 ||     2
Evoke: Wand              |       |       |       |     4 ||     4
  Use: Potion            |     2 |       |     5 |     2 ||     9
       Scroll            |       |     1 |     7 |     6 ||    14
  Eat: Chunk             |     3 |     7 |    11 |    22 ||    43
       Fruit             |       |       |     1 |     1 ||     2
Armor: Robe              |     1 |     2 |    17 |    21 ||    41
       Skin              |       |       |     3 |     2 ||     5
Dodge: Dodged            |     6 |     6 |    24 |    76 ||   112
